[Event "5th EKA IIFL Investment 2019"]
[Site "Mumbai"]
[Date "2020.01.06"]
[Round "8.43"]
[White "Priyanka, K."]
[Black "Mithil, Ajgaonkar"]
[Result "1-0"]
[ECO "B11"]
[WhiteElo "2124"]
[BlackElo "2278"]
[Annotator "RC"]
[PlyCount "113"]
[EventDate "2019.12.30"]
[EventType "swiss"]
[EventCountry "IND"]
[SourceTitle "playchess.com"]
[Source "ChessBase"]
[SourceQuality "1"]
[TimeControl "40/5400+30:1800+30"]

1. e4 c6 2. Nf3 d5 3. Nc3 Bg4 4. h3 Bxf3 5. Qxf3 e6 6. Be2 Nd7 7. d4 dxe4 8. Nxe4 Ngf6 9. O-O Nxe4 10. Qxe4 Be7 11. Rd1 O-O 12. a4 a5 13. c4 Nf6 14. Qf3 Qb6 15. Be3 Rad8 16. d5 Bc5 17. Bxc5 Qxc5 18. dxc6 bxc6 19. b3 h6 20. Rd3 Rxd3 21. Qxd3 Qb6 22. Bf3 Rd8 23. Qc3 Qc5 24. Re1 Rb8 25. Re5 Qa3 26. Re3 Qc5 27. Re5 Qd6 28. Rxa5 Qa3 29. Bxc6 Rxb3 30. Ra8+ Kh7 31. Qd4 Qc1+ 32. Kh2 Qe1 33. Bf3 Rb1 34. Qd3+ g6 35. Qd8 Qe5+ 36. g3 g5 37. Qd3+ Qf5 38. Qxf5+ exf5 39. c5 Nd7 40. c6 Ne5 41. Bd5 Rc1 42. Re8 Nd3 43. Re7 Nxf2 44. Bxf7 Kg7 45. Bb3+ Kf6 46. Re6+ Kg7 47. a5 f4 48. gxf4 gxf4 49. Kg2 Nd3 50. a6 f3+ 51. Kxf3 Rxc6 52. a7 Rc8 53. Bd5 Rf8+ 54. Ke3 Nf4 55. Re7+ Kf6 56. Rf7+ Rxf7 57. Bxf7 1-0

[Event "5th EKA IIFL Investment 2019"]
[Site "Mumbai"]
[Date "2020.01.06"]
[Round "8.44"]
[White "Sahoo, Utkal Ranjan"]
[Black "Gandhi, Anish"]
[Result "1-0"]
[ECO "A50"]
[WhiteElo "2329"]
[BlackElo "2168"]
[Annotator "ChessBase"]
[PlyCount "63"]
[EventDate "2019.12.30"]
[EventType "swiss"]
[EventCountry "IND"]
[SourceTitle "playchess.com"]
[Source "ChessBase"]
[SourceQuality "1"]
[TimeControl "40/5400+30:1800+30"]

1. d4 Nf6 2. c4 g6 3. f3 c5 4. d5 d6 5. e4 Bg7 6. Nc3 O-O 7. Bg5 h6 8. Be3 Nbd7 9. Nh3 Ne5 10. Nf2 h5 11. Be2 e6 12. O-O exd5 13. cxd5 a6 14. a4 Rb8 15. h3 Re8 16. Qd2 Qc7 17. Rfc1 b6 18. Rab1 c4 19. b4 b5 20. axb5 axb5 21. Ra1 Bd7 22. f4 Nd3 23. Nxd3 cxd3 24. Bxd3 Qd8 25. Bd4 Ng4 26. Bxg7 Qb6+ 27. Kf1 Ne3+ 28. Ke2 Nxg2 29. Bf6 Bxh3 30. Kf3 g5 31. Bxg5 Rbc8 32. Kg3 1-0

[Event "5th EKA IIFL Investment 2019"]
[Site "Mumbai"]
[Date "2020.01.06"]
[Round "8.45"]
[White "Samant Aditya S"]
[Black "Manish Kumar (2006)"]
[Result "1-0"]
[ECO "B39"]
[WhiteElo "2296"]
[BlackElo "2168"]
[Annotator "ChessBase"]
[PlyCount "87"]
[EventDate "2019.12.30"]
[EventType "swiss"]
[EventCountry "IND"]
[SourceTitle "playchess.com"]
[Source "ChessBase"]
[SourceQuality "1"]
[TimeControl "40/5400+30:1800+30"]

1. e4 c5 2. Nf3 g6 3. d4 cxd4 4. Nxd4 Nc6 5. c4 Bg7 6. Be3 Nf6 7. Nc3 Ng4 8. Qxg4 Nxd4 9. Qd1 Ne6 10. Qd2 b6 11. Be2 Bb7 12. O-O O-O 13. f3 Bc6 14. Rac1 a5 15. b3 Nc5 16. Rfd1 f5 17. exf5 Rxf5 18. Bd3 Nxd3 19. Qxd3 Qb8 20. Ne2 b5 21. c5 Qb7 22. Nd4 Rd5 23. Qe2 Rd8 24. Bf2 e5 25. Bh4 Rc8 26. Nxc6 dxc6 27. Rxd5 cxd5 28. Bg3 e4 29. fxe4 dxe4 30. Bf2 Qc6 31. a4 bxa4 32. Qc4+ Kh8 33. bxa4 Rd8 34. Qb5 Qe6 35. Qb6 Qe8 36. c6 Rb8 37. Qc5 Rc8 38. c7 Qxa4 39. Qe7 Bf8 40. Qf6+ Bg7 41. Qd8+ Bf8 42. Qxc8 Qa3 43. Bd4+ Kg8 44. Qe6# 1-0

[Event "5th EKA IIFL Investment 2019"]
[Site "Mumbai"]
[Date "2020.01.06"]
[Round "8.47"]
[White "Mohite, Ranveer"]
[Black "Pandey Srishti"]
[Result "1-0"]
[ECO "C12"]
[WhiteElo "2281"]
[BlackElo "2162"]
[Annotator "RC"]
[PlyCount "124"]
[EventDate "2019.12.30"]
[EventType "swiss"]
[EventCountry "IND"]
[SourceTitle "playchess.com"]
[Source "ChessBase"]
[SourceQuality "1"]
[TimeControl "40/5400+30:1800+30"]

1. e4 e6 2. d4 d5 3. Nc3 Nf6 4. Bg5 Bb4 5. exd5 Qxd5 6. Bxf6 Bxc3+ 7. bxc3 gxf6 8. Qd2 Bd7 9. c4 Qe4+ 10. Ne2 c5 11. f3 Qg6 12. O-O-O Na6 13. Nc3 cxd4 14. Qxd4 O-O-O 15. Qxa7 Qg5+ 16. Kb2 Qa5 17. a3 Bc6 18. Bd3 Qg5 19. Nb5 Qc5 20. Qxc5 Nxc5 21. Be2 Bxb5 22. cxb5 Kc7 23. g3 b6 24. Rxd8 Rxd8 25. Rd1 Na4+ 26. Kb3 Nc5+ 27. Kc3 Ra8 28. Ra1 f5 29. Bc4 h5 30. Bb3 h4 31. Kb4 Rd8 32. Kc3 Rg8 33. Rg1 f4 34. g4 Rg5 35. Bc4 Re5 36. Rf1 Re3+ 37. Kb4 Nd7 38. Rf2 Ne5 39. Be2 Nd7 40. a4 Nf6 41. Bc4 Nd7 42. a5 bxa5+ 43. Kxa5 Ra3+ 44. Kb4 Re3 45. Bd3 Kb6 46. g5 Nc5 47. Bc4 Re1 48. g6 Rb1+ 49. Kc3 fxg6 50. Rg2 Re1 51. Rxg6 Re3+ 52. Kb4 Rxf3 53. Bxe6 Nxe6 54. Rxe6+ Kb7 55. c4 Rf2 56. Re7+ Kc8 57. h3 f3 58. Rf7 Rf1 59. Kc5 Kd8 60. b6 f2 61. b7 Rb1 62. Kc6 Ke8 1-0

[Event "5th EKA IIFL Investment 2019"]
[Site "Mumbai"]
[Date "2020.01.06"]
[Round "8.48"]
[White "Aaryan, Varshney"]
[Black "Pranav, Shetty"]
[Result "0-1"]
[ECO "E94"]
[WhiteElo "2269"]
[BlackElo "2162"]
[Annotator "ChessBase"]
[PlyCount "90"]
[EventDate "2019.12.30"]
[EventType "swiss"]
[EventCountry "IND"]
[SourceTitle "playchess.com"]
[Source "ChessBase"]
[SourceQuality "1"]
[TimeControl "40/5400+30:1800+30"]

1. d4 Nf6 2. c4 g6 3. Nc3 Bg7 4. e4 d6 5. Nf3 O-O 6. Be2 e5 7. O-O Nbd7 8. Be3 c6 9. d5 c5 10. Ne1 Ne8 11. Nd3 f5 12. exf5 gxf5 13. f3 Kh8 14. Qc2 Qf6 15. Kh1 Bh6 16. f4 Qg6 17. Rae1 Ndf6 18. Qc1 e4 19. Nf2 Bg7 20. g3 Nc7 21. Rd1 Bd7 22. a3 a5 23. a4 Na6 24. Rg1 Nb4 25. h3 h5 26. Nb5 Bxb5 27. axb5 Kg8 28. g4 hxg4 29. hxg4 fxg4 30. Bxg4 Qh7+ 31. Kg2 Nxg4 32. Nxg4 Nd3 33. Qd2 Qh4 34. Kf1 Rxf4+ 35. Bxf4 Rf8 36. Rg2 Qh1+ 37. Rg1 Rxf4+ 38. Nf2 Qh3+ 39. Rg2 Rxf2+ 40. Qxf2 Nxf2 41. Kxf2 Qf3+ 42. Kg1 Qxd1+ 43. Kh2 e3 44. Kg3 e2 45. Rxe2 Qxe2 0-1

[Event "5th EKA IIFL Investment 2019"]
[Site "Mumbai"]
[Date "2020.01.06"]
[Round "8.49"]
[White "Madjidov, Jasur"]
[Black "Saurabh Anand"]
[Result "0-1"]
[ECO "E33"]
[WhiteElo "2136"]
[BlackElo "2269"]
[Annotator "ChessBase"]
[PlyCount "60"]
[EventDate "2019.12.30"]
[EventType "swiss"]
[EventCountry "IND"]
[SourceTitle "playchess.com"]
[Source "ChessBase"]
[SourceQuality "1"]
[TimeControl "40/5400+30:1800+30"]

1. d4 Nf6 2. c4 e6 3. Nc3 Bb4 4. Qc2 Nc6 5. Nf3 d6 6. a3 Bxc3+ 7. Qxc3 a5 8. b3 O-O 9. Bb2 Re8 10. Rd1 Qe7 11. e3 e5 12. dxe5 dxe5 13. Be2 h6 14. O-O Bf5 15. Rfe1 Nd7 16. Bd3 Bg4 17. Be4 Nc5 18. Bd5 Ra6 19. h3 Bxf3 20. Bxf3 Rb6 21. Bxc6 bxc6 22. b4 axb4 23. axb4 Na4 24. Qc2 Nxb2 25. Qxb2 Rxb4 26. Qe2 Reb8 27. Qg4 Qc5 28. Rd7 Rxc4 29. Qf5 Rf8 30. Rxc7 Qa5 0-1

[Event "5th EKA IIFL Investment 2019"]
[Site "Mumbai"]
[Date "2020.01.06"]
[Round "8.50"]
[White "Chilukuri Sai Varshith"]
[Black "Pranav Vijay"]
[Result "0-1"]
[ECO "E32"]
[WhiteElo "2118"]
[BlackElo "2265"]
[Annotator "ChessBase"]
[PlyCount "96"]
[EventDate "2019.12.30"]
[EventType "swiss"]
[EventCountry "IND"]
[SourceTitle "playchess.com"]
[Source "ChessBase"]
[SourceQuality "1"]
[TimeControl "40/5400+30:1800+30"]

1. d4 Nf6 2. c4 e6 3. Nc3 Bb4 4. Qc2 O-O 5. Nf3 c5 6. dxc5 Na6 7. g3 Nxc5 8. Bg2 Nce4 9. O-O Nxc3 10. bxc3 Be7 11. e4 d6 12. e5 dxe5 13. Nxe5 Qc7 14. Qe2 Bd6 15. Bf4 Ne8 16. c5 Qxc5 17. c4 Rb8 18. Rfd1 Bc7 19. Rab1 a6 20. Nd3 Qe7 21. Bxc7 Qxc7 22. Qe5 f6 23. Qxc7 Nxc7 24. Nb4 Ra8 25. Rd6 Kf7 26. Bxb7 Bxb7 27. Rd7+ Kg6 28. Rxc7 Rf7 29. Rxf7 Kxf7 30. Nd3 Be4 31. Rd1 Rc8 32. Nb2 Ke7 33. f4 Rc5 34. Kf2 Ra5 35. a4 Bc6 36. g4 h5 37. h3 hxg4 38. hxg4 g5 39. fxg5 Rxg5 40. Rg1 a5 41. Ke3 e5 42. Kf2 Bd7 43. Kf3 f5 44. Nd3 Bc6+ 45. Ke3 fxg4 46. Nf2 g3 47. Ne4 Bxe4 48. Kxe4 Kd6 {[%emt 0:00:01] Kd4} 0-1

[Event "5th EKA IIFL Investment 2019"]
[Site "Mumbai"]
[Date "2020.01.06"]
[Round "8.51"]
[White "Tiwari, Arjun"]
[Black "Jeet, Jain"]
[Result "1-0"]
[ECO "C29"]
[WhiteElo "2101"]
[BlackElo "2258"]
[Annotator "RC"]
[PlyCount "143"]
[EventDate "2019.12.30"]
[EventType "swiss"]
[EventCountry "IND"]
[SourceTitle "playchess.com"]
[Source "ChessBase"]
[SourceQuality "1"]
[TimeControl "40/5400+30:1800+30"]

1. e4 e5 2. Nc3 Nf6 3. f4 d5 4. fxe5 Nxe4 5. Nf3 Be6 6. d4 Be7 7. Bd3 Nxc3 8. bxc3 c5 9. O-O Nc6 10. dxc5 Bxc5+ 11. Kh1 h6 12. Rb1 Qc7 13. Bf4 O-O-O 14. Qe2 g5 15. Bg3 Qe7 16. Bb5 Na5 17. Nd4 Bxd4 18. cxd4 Nc4 19. Be1 g4 20. Bb4 Qh4 21. g3 Qg5 22. Rf6 Rd7 23. Bxd7+ Kxd7 24. Ba3 Kc8 25. Bc1 Qg7 26. Qe1 h5 27. Rb3 b6 28. Kg1 Qh7 29. Qf2 Qe4 30. Rd3 a5 31. Rd1 Qh7 32. Bg5 Qg8 33. Bc1 Qh7 34. Bg5 Qg8 35. Qf4 Qe8 36. Rf1 Rh7 37. Bh6 Qa4 38. Qg5 Qxc2 39. R6f2 Qd3 40. Qg8+ Kb7 41. Bg5 h4 42. gxh4 g3 43. Rf3 Qxd4+ 44. Kh1 Qe4 45. Kg1 gxh2+ 46. Kxh2 Nxe5 47. Rf4 Nc4 48. R4f3 Ne5 49. Rf4 Ng4+ 50. Kg3 Qe3+ 51. R4f3 Qe2 52. Rxf7+ Rxf7 53. Rxf7+ Bxf7 54. Qxf7+ Ka6 55. Qxd5 Ne5 56. Kf4 Nd3+ 57. Kf5 Nb4 58. Qe6 Qd3+ 59. Kf6 Nd5+ 60. Kg7 Qd4+ 61. Kh7 Qc4 62. a4 Qc2+ 63. Kh6 Nb4 64. Be3 Qc6 65. Qxc6 Nxc6 66. Bg5 Nd4 67. Kg6 b5 68. axb5+ Kxb5 69. h5 a4 70. h6 a3 71. Bf6 Ne6 72. Kf7 1-0

[Event "5th EKA IIFL Investment 2019"]
[Site "Mumbai"]
[Date "2020.01.06"]
[Round "8.52"]
[White "Sapaev, Maksad"]
[Black "Gaikwad, Siddhant"]
[Result "1/2-1/2"]
[ECO "B77"]
[WhiteElo "2250"]
[BlackElo "2028"]
[Annotator "ChessBase"]
[PlyCount "100"]
[EventDate "2019.12.30"]
[EventType "swiss"]
[EventCountry "IND"]
[SourceTitle "playchess.com"]
[Source "ChessBase"]
[SourceQuality "1"]
[TimeControl "40/5400+30:1800+30"]

1. e4 c5 2. Nf3 d6 3. d4 cxd4 4. Nxd4 Nf6 5. Nc3 g6 6. Be3 Bg7 7. f3 O-O 8. Qd2 Nc6 9. Bc4 Bd7 10. Bb3 Rc8 11. O-O-O Ne5 12. Kb1 Nc4 13. Bxc4 Rxc4 14. h4 h5 15. Nb3 a5 16. e5 dxe5 17. Nd5 a4 18. Nxf6+ Bxf6 19. Qxd7 Qxd7 20. Rxd7 axb3 21. cxb3 Rxh4 22. Rxh4 Bxh4 23. Rxb7 f5 24. a4 f4 25. Bc5 e4 26. fxe4 Be1 27. Bxe7 f3 28. gxf3 Rxf3 29. e5 h4 30. Bf6 h3 31. Rg7+ Kf8 32. Rh7 Kg8 33. Rh8+ Kf7 34. Ka2 Bd2 35. b4 Bxb4 36. Bg5 Rf5 37. Be3 Rh5 38. Rxh5 gxh5 39. Bg1 Be1 40. Kb1 h4 41. a5 Bxa5 42. Kc2 Bb6 43. Bh2 Bf2 44. Kd3 Bg3 45. Bg1 h2 46. Bxh2 Bxh2 47. Ke2 h3 48. Kf3 Bxe5 49. Kf2 Bh2 50. Kf3 Bd6 1/2-1/2

[Event "5th EKA IIFL Investment 2019"]
[Site "Mumbai"]
[Date "2020.01.06"]
[Round "8.53"]
[White "Lokesh, N.."]
[Black "Anadkat Kartavya"]
[Result "1-0"]
[ECO "B47"]
[WhiteElo "2240"]
[BlackElo "2023"]
[Annotator "ChessBase"]
[PlyCount "55"]
[EventDate "2019.12.30"]
[EventType "swiss"]
[EventCountry "IND"]
[SourceTitle "playchess.com"]
[Source "ChessBase"]
[SourceQuality "1"]
[TimeControl "40/5400+30:1800+30"]

1. e4 c5 2. Nf3 e6 3. d4 cxd4 4. Nxd4 Nc6 5. Nc3 Qc7 6. Be2 Nf6 7. O-O Be7 8. Kh1 d6 9. Ndb5 Qb8 10. Bf4 e5 11. Bg5 a6 12. Bxf6 gxf6 13. Na3 b5 14. Nd5 f5 15. exf5 Bxf5 16. f4 Be6 17. f5 Bd7 18. Bh5 Rf8 19. c3 Na7 20. Nc2 Bc6 21. f6 Bd8 22. Nce3 Bd7 23. Qd3 Bb6 24. Qxh7 Be6 25. Bg4 Nc6 26. Rad1 Bxe3 27. Bxe6 Ra7 28. Bg4 1-0

[Event "5th EKA IIFL Investment 2019"]
[Site "Mumbai"]
[Date "2020.01.06"]
[Round "8.54"]
[White "Bakshi, Rutuja"]
[Black "Ziatdinov, Raset"]
[Result "0-1"]
[ECO "A13"]
[WhiteElo "2075"]
[BlackElo "2204"]
[Annotator "ChessBase"]
[PlyCount "66"]
[EventDate "2019.12.30"]
[EventType "swiss"]
[EventCountry "IND"]
[SourceTitle "playchess.com"]
[Source "ChessBase"]
[SourceQuality "1"]
[TimeControl "40/5400+30:1800+30"]

1. c4 e6 2. Nf3 d5 3. g3 d4 4. e3 Nc6 5. exd4 Nxd4 6. Bg2 Bc5 7. O-O Nf6 8. d3 O-O 9. Nbd2 Qd6 10. Nb3 Nxb3 11. Qxb3 e5 12. Bg5 Bf5 13. Bxf6 Qxf6 14. Nd2 Bd4 15. Ne4 Qb6 16. Qc2 Rad8 17. Rab1 Qg6 18. Kh1 h5 19. Qe2 Rfe8 20. Bf3 Bh3 21. Rfe1 Bg4 22. Bxg4 hxg4 23. f3 f5 24. Nd2 Qc6 25. Kg2 Re6 26. h3 gxh3+ 27. Kxh3 Rg6 28. Nb3 Rxg3+ 29. Kxg3 Qg6+ 30. Kh2 Kf7 31. Qg2 Rh8+ 32. Qh3 Rxh3+ 33. Kxh3 f4 0-1

[Event "5th EKA IIFL Investment 2019"]
[Site "Mumbai"]
[Date "2020.01.06"]
[Round "8.55"]
[White "Aradhya, Garg"]
[Black "Kadam Om Manish"]
[Result "0-1"]
[ECO "B90"]
[WhiteElo "2197"]
[BlackElo "1933"]
[Annotator "ChessBase"]
[PlyCount "100"]
[EventDate "2019.12.30"]
[EventType "swiss"]
[EventCountry "IND"]
[SourceTitle "playchess.com"]
[Source "ChessBase"]
[SourceQuality "1"]
[TimeControl "40/5400+30:1800+30"]

1. e4 c5 2. Nf3 d6 3. Nc3 Nf6 4. d4 cxd4 5. Nxd4 a6 6. Be3 e5 7. Nf3 Be7 8. Bc4 O-O 9. O-O Qc7 10. Bb3 b5 11. a4 b4 12. Nd5 Nxd5 13. exd5 a5 14. c3 Ba6 15. Re1 bxc3 16. Rc1 Qb7 17. Rxc3 Nd7 18. Qc2 Rac8 19. Rc6 Nb8 20. Rc1 Nxc6 21. dxc6 Qc7 22. Qf5 Rb8 23. Bd5 Bc8 24. Qh5 Rb4 25. h3 Be6 26. Bxe6 fxe6 27. Bd2 Rxa4 28. b4 axb4 29. Qg4 Rf5 30. Bg5 Ra8 31. Bxe7 Qxe7 32. Qxb4 Qc7 33. Nd2 d5 34. Qb7 Rc8 35. Qa6 Rff8 36. Nf3 Qd6 37. Nd2 Qb4 38. Rc2 Qd4 39. c7 Qxf2+ 40. Kh1 Qf7 41. Qd6 e4 42. Rc1 Rfe8 43. Qb6 h6 44. Qb7 Qd7 45. Nb3 Re7 46. Qb8 Kh7 47. Nc5 Qxc7 48. Qb1 Qe5 49. Rc2 Rec7 50. Nd7 Rxc2 0-1

[Event "5th EKA IIFL Investment 2019"]
[Site "Mumbai"]
[Date "2020.01.06"]
[Round "8.56"]
[White "Jubin Jimmy"]
[Black "Laddha, Shubh Jayesh"]
[Result "1/2-1/2"]
[ECO "E33"]
[WhiteElo "2193"]
[BlackElo "1975"]
[Annotator "ChessBase"]
[PlyCount "57"]
[EventDate "2019.12.30"]
[EventType "swiss"]
[EventCountry "IND"]
[SourceTitle "playchess.com"]
[Source "ChessBase"]
[SourceQuality "1"]
[TimeControl "40/5400+30:1800+30"]

1. d4 Nf6 2. c4 e6 3. Nc3 Bb4 4. Qc2 Nc6 5. Nf3 d6 6. Bd2 O-O 7. a3 Bxc3 8. Bxc3 Qe7 9. g3 e5 10. d5 Nb8 11. Bg2 a5 12. O-O a4 13. e4 Nbd7 14. Rae1 Nc5 15. Nd2 Nfd7 16. f4 f6 17. Re3 b6 18. f5 Ba6 19. Bb4 b5 20. cxb5 Bxb5 21. Rc1 Rfb8 22. h4 Na6 23. Bc3 Ndc5 24. Kh2 Rb7 25. Rd1 Rab8 26. Kh1 Rb6 27. Kh2 R6b7 28. Kh1 Rb6 29. Kh2 1/2-1/2

[Event "5th EKA IIFL Investment 2019"]
[Site "Mumbai"]
[Date "2020.01.06"]
[Round "8.57"]
[White "Rathneesh R"]
[Black "Masango, Spencer"]
[Result "0-1"]
[ECO "A20"]
[WhiteElo "2064"]
[BlackElo "2181"]
[Annotator "ChessBase"]
[PlyCount "106"]
[EventDate "2019.12.30"]
[EventType "swiss"]
[EventCountry "IND"]
[SourceTitle "playchess.com"]
[Source "ChessBase"]
[SourceQuality "1"]
[TimeControl "40/5400+30:1800+30"]

1. c4 e5 2. g3 Nc6 3. Bg2 Nf6 4. Nc3 Bb4 5. e4 d6 6. Nge2 Bg4 7. h3 Bxe2 8. Nxe2 Bc5 9. d3 O-O 10. O-O Rb8 11. a3 a5 12. Kh2 b5 13. cxb5 Rxb5 14. Qa4 Rb6 15. Rb1 h6 16. Bd2 Qa8 17. Bc3 Qa6 18. b4 Rfb8 19. Ra1 axb4 20. Qxa6 Rxa6 21. axb4 Rxa1 22. Bxa1 Rxb4 23. f4 Nd4 24. fxe5 Nxe2 25. exf6 Bg1+ 26. Kh1 Bd4 27. Re1 Nxg3+ 28. Kh2 Nh5 29. fxg7 Bxa1 30. Rxa1 Rb2 31. Kg1 Nf4 32. Bf1 Kxg7 33. Rc1 Ne6 34. Ra1 Kf6 35. Ra5 c5 36. Ra6 Ke5 37. Ra7 Ng5 38. Bg2 Kf4 39. h4 Kg3 40. hxg5 Rxg2+ 41. Kf1 Rf2+ 42. Ke1 hxg5 43. Ra6 Rf6 44. Kd2 g4 45. Ke3 Kh3 46. Ra8 g3 47. Rh8+ Kg2 48. Rg8 Kh2 49. Rh8+ Kg1 50. Rg8 g2 51. Ke2 Kh2 52. Rh8+ Kg3 53. Rg8+ Rg6 0-1

[Event "5th EKA IIFL Investment 2019"]
[Site "Mumbai"]
[Date "2020.01.06"]
[Round "8.58"]
[White "Barath Kalyan M"]
[Black "Deshpande, Aniruddha"]
[Result "1/2-1/2"]
[ECO "E62"]
[WhiteElo "2091"]
[BlackElo "2275"]
[Annotator "RC"]
[PlyCount "84"]
[EventDate "2019.12.30"]
[EventType "swiss"]
[EventCountry "IND"]
[SourceTitle "playchess.com"]
[Source "ChessBase"]
[SourceQuality "1"]
[TimeControl "40/5400+30:1800+30"]

1. d4 Nf6 2. Nf3 g6 3. g3 Bg7 4. Bg2 O-O 5. O-O d6 6. c4 c6 7. Nc3 Bf5 8. Bf4 Ne4 9. Nxe4 Bxe4 10. Qd2 Nd7 11. Bh6 a5 12. Rfd1 a4 13. Rac1 Qa5 14. Qe3 Nf6 15. Bxg7 Kxg7 16. Bf1 Rfe8 17. g4 Bxf3 18. exf3 e6 19. h4 h6 20. Kg2 Qc7 21. Be2 d5 22. Qe5 Rec8 23. f4 dxc4 24. g5 hxg5 25. fxg5 Qxe5 26. dxe5 Nd5 27. Bxc4 a3 28. bxa3 Rh8 29. Bxd5 exd5 30. Rd4 Rhe8 31. Rb4 Rxe5 32. Rxb7 Rxa3 33. Rxc6 Rf5 34. Rb3 Ra4 35. Kg3 Rff4 36. f3 Rxh4 37. Rf6 Rh5 38. f4 Ra7 39. a4 Rh8 40. Rb4 Rc8 41. Rd4 Rc3+ 42. Kg4 Ra5 1/2-1/2

[Event "5th EKA IIFL Investment 2019"]
[Site "Mumbai"]
[Date "2020.01.06"]
[Round "8.59"]
[White "Rakshitta Ravi"]
[Black "Sarbojit Paul"]
[Result "1-0"]
[ECO "B91"]
[WhiteElo "2260"]
[BlackElo "2084"]
[Annotator "ChessBase"]
[PlyCount "91"]
[EventDate "2019.12.30"]
[EventType "swiss"]
[EventCountry "IND"]
[SourceTitle "playchess.com"]
[Source "ChessBase"]
[SourceQuality "1"]
[TimeControl "40/5400+30:1800+30"]

1. e4 c5 2. Nf3 d6 3. Nc3 a6 4. d4 cxd4 5. Nxd4 Nf6 6. g3 Nc6 7. Bg2 Bg4 8. Nxc6 bxc6 9. f3 Bd7 10. Be3 e5 11. O-O Be7 12. h3 Rb8 13. Rb1 Qc8 14. Kh2 h5 15. Na4 Bxh3 16. Bxh3 Ng4+ 17. fxg4 hxg4 18. Kg2 gxh3+ 19. Kh2 Qe6 20. Nc3 Rd8 21. Qf3 d5 22. Bb6 Rd7 23. Qf5 Rb7 24. Qxe6 fxe6 25. Na4 Bf6 26. b4 Kf7 27. Ba5 Ke7 28. Nc5 Ra7 29. Bb6 Raa8 30. a4 g5 31. Nd3 Bg7 32. Bc5+ Ke8 33. Rbe1 Rd8 34. exd5 Rxd5 35. Rf2 Rh5 36. Rfe2 g4 37. Re4 Rg5 38. Nf2 Rd2 39. R1e2 Rxe2 40. Rxe2 Kf7 41. Re4 Kg6 42. Rxg4 Rxg4 43. Nxg4 Kf5 44. Nf2 Bh6 45. Kxh3 e4 46. Ng4 1-0